Map: Old Republic LE

Players

Indy - Winner!

  • Race: Terran Terran
  • Spawn Location: 1:00

A.I. 1 (Elite)

  • Race: Terran Terran
  • Spawn Location: 7:00

VOD

Have the link to the VOD?

Description

Time

  • Played on: Dec. 11, 2025, 1:48 p.m.
  • Length: 8:40
Show
View Real Time Build Order
Export as new Build Order

Indy Terran - Winner!

Build Orders: Reaper Expand 

Get SALT Encoding   

  12  0:00  SCV  
  13  0:12  SCV  
  14  0:19  Supply Depot  
  14  0:24  SCV  
  15  0:40  SCV  
  15  0:41  Barracks  
  16  0:45  Refinery  
  16  0:52  SCV  
  17  1:04  SCV  
  18  1:17  SCV  
  19  1:29  Orbital Command, Reaper  
  20  1:39  Command Center  
  20  1:53  Supply Depot  
  20  1:55  SCV  
  20  2:01  Barracks Reactor  
  21  2:07  SCV  
  22  2:10  Barracks  
  22  2:19  SCV  
  22  2:20  Barracks  
  23  2:30  Refinery  
  23  2:31  SCV  
  24  2:38  Marine x2  
  24  2:44  SCV  
  26  2:51  Orbital Command  
  26  2:56  Marine x2, SCV  
  29  3:00  Barracks Tech Lab  
  29  3:07  Barracks Tech Lab  
  29  3:08  SCV  
  30  3:14  Marine x2, Engineering Bay  
  30  3:16  SCV  
  33  3:20  Stimpack, SCV  
  33  3:22  Marine  
  33  3:25  Marine  
  36  3:28  SCV  
  36  3:32  SCV  
  38  3:34  Supply Depot  
  38  3:40  Combat Shield  
  38  3:41  Terran Infantry Weapons Level 1  
  38  3:43  Marine  
  38  3:44  SCV  
  38  3:45  SCV  
  41  3:50  Marine x2  
  41  3:51  Marine  
  44  3:56  Factory  
  44  3:58  SCV  
  44  3:59  SCV  
  46  4:03  Marine  
  46  4:06  Supply Depot  
  46  4:09  Marine x2  
  49  4:10  Marine  
  49  4:11  SCV  
  49  4:12  SCV  
  52  4:18  Supply Depot  
  52  4:20  Marine  
  52  4:23  SCV  
  54  4:27  SCV, Marine x3  
  58  4:31  Supply Depot  
  58  4:35  Supply Depot  
  58  4:40  Starport, Factory Reactor  
  58  4:42  Marauder  
  60  4:45  Marine  
  60  4:46  Marauder  
  60  4:47  Marine  
  60  4:49  SCV  
  60  4:50  SCV  
  60  4:52  Refinery  
  66  4:55  Refinery  
  66  5:02  SCV x2  
  66  5:06  Marauder  
  70  5:07  Marine x2, Marauder  
  70  5:09  Concussive Shells  
  70  5:14  SCV x2  
  76  5:23  Factory Tech Lab  
  76  5:24  Medivac x2  
  76  5:26  Barracks  
  76  5:27  Barracks  
  80  5:31  Marine x2  
  80  5:34  Marauder  
  86  5:39  Marauder  
  86  5:48  Supply Depot  
  86  5:49  Supply Depot  
  86  5:56  Supply Depot x2  
  86  6:09  Medivac, Marine x2, Marauder x2  
  86  6:10  Medivac, Siege Tank  
  99  6:13  Supply Depot  
  99  6:14  Supply Depot  
  99  6:21  Barracks Tech Lab  
  99  6:22  Barracks Reactor  
  99  6:28  Marine x2  
  99  6:31  Marauder x2  
  105  6:42  Siege Tank  
  105  6:44  Marauder  
  110  6:47  Marine x2  
  114  6:54  Marauder x2  
  114  6:57  Medivac x2  
  114  6:58  Marine x2  
  121  7:08  Supply Depot  
  121  7:12  Supply Depot  
  121  7:13  Marine x2  
  121  7:15  Siege Tank  
  126  7:16  Marauder x2  
  126  7:18  Marauder  
  126  7:19  Marine  
  126  7:21  Marine  
  134  7:35  Marine x2  
  136  7:37  Marauder x2  
  136  7:39  Marauder  
  142  7:47  Siege Tank  
  142  7:48  SCV  
  142  7:49  Supply Depot  
  146  8:05  Marine x4, Marauder x3  
  151  8:17  Command Center  
  151  8:19  SCV x2  
Show
View Real Time Build Order
Export as new Build Order

A.I. 1 (Elite) Terran 

Build Orders: 2 Factory, Command Center First 

Get SALT Encoding   

  12  0:00  SCV  
  13  0:13  SCV  
  14  0:18  Supply Depot  
  14  0:25  SCV  
  15  0:40  SCV  
  16  0:52  SCV  
  17  1:03  Command Center  
  18  1:04  SCV  
  18  1:17  Barracks  
  18  1:19  SCV  
  19  1:40  Refinery  
  19  1:53  Supply Depot  
  19  1:54  SCV  
  20  2:04  Marine  
  20  2:05  Refinery  
  20  2:07  Orbital Command  
  20  2:15  SCV  
  20  2:22  Marine  
  22  2:28  SCV  
  23  2:32  SCV  
  24  2:40  Marine, SCV  
  26  2:52  Orbital Command, Factory  
  26  2:55  SCV  
  26  2:58  Marine  
  27  3:07  SCV  
  27  3:09  Factory  
  28  3:15  Marine  
  28  3:18  SCV  
  28  3:19  SCV  
  31  3:30  SCV  
  31  3:31  SCV  
  31  3:33  Supply Depot, Marine  
  34  3:37  Factory Tech Lab  
  34  3:42  SCV  
  34  3:43  SCV  
  36  3:51  Marine  
  36  3:52  Factory Tech Lab  
  36  3:54  SCV  
  36  3:55  SCV, Siege Tank  
  42  4:05  Supply Depot  
  42  4:06  SCV  
  42  4:07  SCV  
  44  4:10  Siege Tank  
  47  4:18  SCV  
  47  4:19  SCV  
  47  4:22  Supply Depot, Marine  
  50  4:27  Siege Tank  
  50  4:31  Supply Depot, SCV x2  
  55  4:43  Supply Depot, SCV x2  
  57  4:49  Marine, Siege Tank  
  61  4:55  SCV  
  61  4:56  SCV  
  63  5:00  Armory  
  63  5:05  Refinery  
  63  5:07  Marine, SCV  
  63  5:08  Refinery, SCV  
  63  5:10  Barracks  
  66  5:19  SCV  
  66  5:20  Engineering Bay, SCV  
  68  5:26  Barracks Tech Lab  
  68  5:31  SCV  
  68  5:32  SCV  
  70  5:43  SCV  
  70  5:44  Stimpack, SCV, Marine  
  70  5:47  Supply Depot  
  70  5:48  Command Center  
  73  5:50  Missile Turret  
  73  5:51  Missile Turret  
  73  5:54  Starport  
  73  5:55  SCV  
  73  5:56  SCV, Marine  
  76  6:02  Marauder  
  78  6:09  Engineering Bay  
  78  6:11  Terran Infantry Weapons Level 1  
  78  6:12  Barracks  
  78  6:15  Barracks Tech Lab  
  78  6:24  Marauder  
  78  6:25  Missile Turret  
  80  6:32  Medivac  
  82  6:33  Combat Shield, Supply Depot, Marine  
  82  6:34  Terran Infantry Armor Level 1  
  83  6:45  Marauder  
  84  6:47  SCV  
  84  6:48  Missile Turret  
  84  6:50  SCV  
  84  6:51  Marauder  
  83  6:59  SCV, Marine  
  84  7:01  SCV  
  84  7:02  Medivac, SCV, Barracks  
  84  7:06  Marine  
  88  7:12  Refinery, SCV  
  88  7:13  SCV, Marauder  
  88  7:14  SCV  
  88  7:15  Missile Turret  
  93  7:16  Refinery, Marine  
  94  7:24  SCV, Marauder  
  94  7:26  SCV  
  94  7:27  Missile Turret, SCV  
  94  7:29  Supply Depot  
  99  7:33  Starport Reactor  
  99  7:34  Barracks Reactor, Marine  
  99  7:36  SCV  
  100  7:38  SCV  
  100  7:39  SCV  
  100  7:43  Siege Tank  
  105  7:46  Marauder  
  105  7:48  SCV  
  105  7:50  Siege Tank, SCV  
  112  7:51  Marine  
  112  7:53  SCV  
  112  7:54  Supply Depot  
  114  8:00  SCV  
  101  8:07  Marauder  
  101  8:10  Command Center, Marauder  
Tags
 
Add a new tag
Caveats
  • Supply blocks, unpowered buildings, or Contaminate may cause inaccurate times.
  • Supply counts are checked every 10 seconds.